 Dungeon Crawl Stone Soup version 0.14-a0-1876-g927fc3a (webtiles) character file.

499 Mitsuki the Covered (level 7, -6/48 HPs)
             Began as a Formicid Fighter on Jan 15, 2014.
             Mangled by an angel
             ... wielding a +2,+3 whip of holy wrath
              (19 damage)
             ... on Level 4 of the Dungeon.
             The game lasted 00:12:01 (3650 turns).

Mitsuki the Covered (Formicid Fighter)              Turns: 3650, Time: 00:12:01

HP  -6/48        AC  7     Str 26      XL: 7   Next: 17%
MP   7/7         EV  9     Int  6 (7)  God:
Gold 143         SH 21     Dex 10      Spells:  0 memorised,  6 levels left

rFire  . . .     SeeInvis +     t - +0 flail (crush)
rCold  . . .     Clarity  .     e - +2 orc ring mail {rN+}
rNeg   + . .     Conserve .     c - +1 shield
rPois  x         rCorr    .     (helmet unavailable)
rElec  .         rRot     .     (no cloak)
SustAb . .       Spirit   .     (no gloves)
rMut   .         Warding  .     (no boots)
Saprov . . .     Stasis   +     (no amulet)
MR     .....                    m - +3 ring of strength
                                l - +1 ring of evasion

@: glowing, not resistant to hostile enchantments, extremely unstealthy
A: permanent stasis, dig shafts and tunnels, four strong arms, poison weakness,
antennae 3, icy blue scales 1, deformed body, spit poison 1, exoskeleton 1
a: Dig, Shaft Self, Spit Poison


You were on level 4 of the Dungeon.
You were hungry.

You visited 1 branch of the dungeon, and saw 4 of its levels.

You collected 143 gold pieces.

Inventory:

Hand weapons
 t - a +0,+0 flail of crushing (weapon)
Armour
 c - a +1 shield (worn)
 e - a +2 orcish ring mail of positive energy (worn)
Comestibles
 d - 3 bread rations
 h - a meat ration
 r - a chunk of ball python flesh
Scrolls
 a - a scroll of noise {unknown}
 b - 4 scrolls of remove curse {unknown}
 f - a scroll of fog
 j - a scroll of curse jewellery {unknown}
 k - 3 scrolls of identify
 n - a scroll of curse armour {unknown}
 o - a scroll of recharging {unknown}
 s - a scroll of teleportation {unknown}
Jewellery
 l - a +1 ring of evasion (left hand)
 m - a +3 ring of strength (right hand)
Potions
 g - 4 potions of brilliance
 i - 2 potions of agility
 q - a potion of restore abilities


   Skills:
 + Level 4.1 Fighting
 + Level 4.1 Maces & Flails
 + Level 5.3 Armour
 + Level 4.3 Shields


You had 6 spell levels left.
You didn't know any spells.

Dungeon Overview and Level Annotations

Branches:
Dungeon (4/16)
 Temple: D:4-7

Altars:
Fedhas
Makhleb
Yredelemnul
Zin


Innate Abilities, Weirdness & Mutations

Your are under a permanent stasis effect.
You can dig through walls and to a lower floor.
Your four strong arms can wield any weapon, most with a shield.
You are susceptible to poison.
You have a pair of large antennae on your head (SInv).
Your body is surrounded by an exoskeleton. (HP +5, AC +1)
You are partially covered in icy blue scales (AC +1).
Armour fits poorly on your strangely shaped body.
You can spit poison.


Message History

You finish butchering the ball python corpse.
r - a chunk of ball python flesh You see here a ball python skeleton.
Eat which item? (? for menu, Esc to quit)
You can't eat that!
Drink which item? (? for menu, Esc to quit)
You feel better.
It was a potion of curing.
Use which ability? (? or * to list)
Aiming: Dig
Press: ? - help, Shift-Dir - straight line The rock shatters into small pieces.
You feel slightly more hungry.
You are feeling hungry.
The angel hits you with a whip of holy wrath.
The angel hits you but does no damage.
The angel hits you with a whip of holy wrath!
You hit the angel but do no damage. You block the angel's attack.
The angel hits you with a whip of holy wrath.
* * * LOW HITPOINT WARNING * * *
The angel hits you with a whip of holy wrath!
You die...

#.%.................#
#...................#
.###...................#######.
......................%...$....#
..........###..................#
.........##>##.........#########
.###...)###.###...[....# .
#...####.####...<...#
#.))#>.._..>A@......#
#...####.####.......#
#....###.###........#
#.....##>##.........#
#......###.)........#
#...................#
#.........#######...#
#...#####.# ...# #...# #.# ...#


You could see an angel.

Vanquished Creatures
  Edmund (D:4)
  An orc priest (D:3)
  2 orc wizards (D:4)
  2 adders
  5 worms
  An iguana skeleton (D:4)
  A giant gecko (D:1)
  2 oozes (D:2)
  16 orcs
  3 giant cockroaches
  11 hobgoblins
  8 jackals
  7 kobolds
  A quokka (D:2)
  A ball python (D:4)
  6 bats
  3 giant newts
  7 goblins
  5 rats
83 creatures vanquished.

Notes
Turn   | Place    | Note
--------------------------------------------------------------
     0 | D:1      | Mitsuki, the Formicid Fighter, began the quest for the Orb.
     0 | D:1      | Reached XP level 1. HP: 19/19 MP: 1/1
   159 | D:1      | Reached XP level 2. HP: 24/24 MP: 2/2
   521 | D:1      | Reached skill level 4 in Armour
   627 | D:2      | Gained mutation: You can spit poison. [potion of mutation]
   627 | D:2      | Gained mutation: Armour fits poorly on your strangely shaped body. [potion of mutation]
   627 | D:2      | Gained mutation: You are partially covered in icy blue scales (AC +1). [potion of mutation]
   648 | D:2      | Reached XP level 3. HP: 22/28 MP: 3/3
   728 | D:2      | Found a burning altar of Makhleb.
   728 | D:2      | Found a blossoming altar of Fedhas.
   732 | D:2      | Found a basalt altar of Yredelemnul.
  1324 | D:2      | Reached XP level 4. HP: 33/33 MP: 4/4
  2284 | D:3      | Reached XP level 5. HP: 23/37 MP: 5/5
  3048 | D:4      | Reached XP level 6. HP: 40/43 MP: 6/6
  3345 | D:4      | Found a glowing silver altar of Zin.
  3353 | D:4      | Reached skill level 5 in Armour
  3354 | D:4      | Noticed an angel
  3501 | D:4      | Noticed Edmund
  3514 | D:4      | Killed Edmund
  3514 | D:4      | Reached XP level 7. HP: 23/48 MP: 7/7
  3650 | D:4      | Mangled by an angel

Action                   |  1- 3 |  4- 6 |  7- 9 || total
-------------------------+-------+-------+-------++-------
Melee: Mace              |    86 |    59 |       ||   145
       Flail             |       |   167 |     2 ||   169
 Abil: Dig               |       |     3 |     1 ||     4
  Use: Potion            |     4 |     7 |     1 ||    12
       Scroll            |       |     8 |       ||     8
